 Dungeon Crawl Stone Soup version 0.31.0-12-g77e489cdc1 (webtiles) character file.

Game seed: 16364657552499595555

3260 hawla the Protected (level 9, -7/106 (111) HPs)
             Began as a Minotaur Fighter on Feb 12, 2024.
             Mangled by an acid dragon (10 damage)
             ... on level 6 of the Dungeon.
             The game lasted 00:12:46 (6022 turns).

hawla the Protected (Minotaur Fighter)              Turns: 6022, Time: 00:12:47

HP:   -7/106 (111)  AC: 16    Str: 26    XL:     9   Next: 68%
MP:   8/8           EV:  2    Int:  5    God:
Gold: 153           SH:  4    Dex:  9    Spells: 8/8 levels left

rFire   . . .        x - +2 war axe (vamp)
rCold   . . .        c - +0 buckler
rNeg    . . .        p - melded +0 chain mail
rPois   +            e - melded +0 hat {Will+}
rElec   .            (cloak currently unavailable)
rCorr   .            (gloves currently unavailable)
SInv    .            (boots currently unavailable)
Will    .....        (no amulet)
Stlth   +            (no ring)
HPRegen 0.37/turn    (no ring)
MPRegen 0.11/turn

%: no passive effects
@: mighty, tree-form, corroded, lightly drained
A: stationary, stasis, torment immunity, boosted hp, (horns 2), (retaliatory
headbutt)
a: no special abilities


You were on level 6 of the Dungeon.
You were a tree.
You visited 1 branch of the dungeon, and saw 6 of its levels.

You collected 315 gold pieces.
You spent 162 gold pieces at shops.

Inventory:

Hand Weapons
 x - a +2 vampiric war axe (weapon)
Missiles
 g - 12 poisoned darts (quivered)
 w - 3 throwing nets
Armour
 c - a +0 buckler (worn)
 e - a +0 hat of willpower (melded)
 p - a +0 chain mail (melded)
 v - a +4 kite shield
Wands
 n - a wand of polymorph (10)
 o - a wand of flame (33)
Scrolls
 a - a scroll of revelation
 i - a scroll of teleportation
 k - a scroll of torment
 s - 2 scrolls of vulnerability
Potions
 d - a potion of might
 f - 5 potions of curing {unknown}
 h - 2 potions of resistance {unknown}
 j - a potion of cancellation {unknown}
 q - a potion of magic {unknown}
 r - a potion of haste {unknown}


   Skills:
 - Level 5.0 Fighting
 - Level 2.4 Axes
 - Level 6.0 Throwing
 + Level 12.7 Armour
 - Level 4.0 Dodging
 - Level 5.0 Shields
 - Level 3.0 Evocations


You had 8 spell levels left.
You didn't know any spells.
Your spell library was empty.

Dungeon Overview and Level Annotations

Branches:
Dungeon (6/15)             Temple (0/1) D:4

Altars:
Fedhas
Ru
Sif Muna
Wu Jian
Zin

Shops:
D:5 (*=:(   D:6 [((

Annotations:
D:6 1 transporter


Innate Abilities, Weirdness & Mutations

You are a tree.
Your roots penetrate the ground, keeping you stationary.
You cannot be teleported.
You are immune to unholy pain and torment.
Your maximum health is greatly increased.
Your equipment is partially melded.
((You have a pair of horns on your head.))
((You reflexively headbutt those who attack you in melee.))


Message History

You hit the wight. You block the wight's attack.
The acid dragon spits acid at you. The splash of acid hits you!
Unknown command.
You barely miss the acid dragon.
The acid dragon is moderately wounded.
You barely miss the wight. The wight hits you but does no damage.
You block the acid dragon's attack.
The acid dragon claws you but does no damage.
The wight hits you with a +0 dire flail.
* * * LOW HITPOINT WARNING * * *
You feel drained.
* * * LOW HITPOINT WARNING * * *
You block the acid dragon's attack.
The acid dragon claws you but does no damage.
You barely miss the acid dragon.
The acid dragon is moderately wounded.
You hit the wight.
The wight hits you with a +0 dire flail.
* * * LOW HITPOINT WARNING * * *
The acid dragon bites you but does no damage.
The acid dragon claws you but does no damage.
You hit the wight.
The wight is severely damaged.
You closely miss the acid dragon. The wight hits you but does no damage.
The acid dragon spits acid at you. The splash of acid hits you!!
* * * LOW HITPOINT WARNING * * *
The acid corrodes you!
The wight hits you with a +0 dire flail.
* * * LOW HITPOINT WARNING * * *
You feel drained.
* * * LOW HITPOINT WARNING * * *
The acid dragon bites you but does no damage.
You block the acid dragon's attack.
You feel very mighty all of a sudden.
The wight hits you with a +0 dire flail.
* * * LOW HITPOINT WARNING * * *
The acid dragon bites you!
You die...

##..# #......###.##.....#...
##.# #....[.......#.##.###. #.#
##.............##.##♣.
#.####..#########....#.♣.∩.
#####...##.##.°☼☼°°☼##.......♣.
#...###....#8§☼☼☼°○.8#.......#.
#...###....#.☼☼§§☼°°.#.#.....#.
#..........#§†☼☼.§.☼☼#..#).<...
#...####..©#°.♣°.°☼$☼#©...#..#.
#...# ##..#§Dz☼☼○.[§#..####...
###.### ##.#☼☼§°○.☼°°#.##...)..
#...####.#8☼☼○§○☼§8#....#....
#.....##.##☼§.©.§☼##.####.#..
###.......#########......[...
##................####.....
####.####.#...#### #.....# #.#
#.###..#####'##...


You could see an acid dragon and a wight.

Vanquished Creatures
  A boulder beetle (D:6)
  A troll (D:5)
  A wraith (D:6)
  A water moccasin (D:5)
  An orc warrior (D:6)
  4 black bears
  2 ogres (D:6)
  A centaur (D:5)
  3 phantoms
  Blork the orc (D:6)
  A gnoll sergeant (D:5)
  4 scorpions
  2 howler monkeys
  4 jellies (D:5)
  A gnoll bouda (D:6)
  An orc priest (D:3)
  4 hounds
  2 sleepcaps
  5 iguanas
  2 orc wizards (D:6)
  7 gnolls
  9 adders
  3 shadow imps
  3 white imps
  2 ufetubi
  2 dart slugs
  4 ribbon worms
  13 orcs
  9 bats
  6 endoplasms
  6 giant cockroaches
  5 goblins
  6 hobgoblins
  7 jackals (D:3)
  3 quokkas
  13 ball pythons
  2 frilled lizards (D:1)
  10 kobolds
  7 rats
159 creatures vanquished.

Notes
Turn   | Place    | Note
-------+----------+-------------------------------------------
     0 | D:1      | hawla the Minotaur Fighter began the quest for the Orb.
     0 | D:1      | Reached XP level 1. HP: 19/19 MP: 0/0
    85 | D:1      | Reached skill level 1 in Dodging
   163 | D:1      | Reached XP level 2. HP: 22/26 MP: 1/1
   409 | D:1      | Reached XP level 3. HP: 31/31 MP: 2/2
   846 | D:2      | Reached XP level 4. HP: 23/40 MP: 3/3
  1835 | D:3      | Reached XP level 5. HP: 47/47 MP: 4/4
  2072 | D:3      | Identified the +1 robe "Zituocic" {rF+}
  2452 | D:3      | Reached skill level 5 in Fighting
  2452 | D:3      | Reached skill level 5 in Shields
  2697 | D:4      | Reached skill level 1 in Throwing
  2803 | D:4      | Reached XP level 6. HP: 56/56 MP: 5/5
  2887 | D:4      | Found a staircase to the Ecumenical Temple.
  3125 | D:4      | You fall into a shaft and drop 1 floor!
  3125 | D:5      | Entered Level 5 of the Dungeon
  3232 | D:4      | Found a shimmering blue altar of Sif Muna.
  3273 | D:4      | Found a glowing silver altar of Zin.
  3275 | D:4      | Found a sacrificial altar of Ru.
  3604 | D:5      | Reached XP level 7. HP: 58/61 MP: 6/6
  3629 | D:5      | Reached skill level 5 in Throwing
  3722 | D:5      | Found Uzuduaz's General Store.
  3730 | D:5      | Bought a potion of heal wounds for 65 gold pieces
  3730 | D:5      | Bought a scroll of enchant armour for 97 gold pieces
  3776 | D:5      | Found Astojiad's Book Emporium.
  3847 | D:5      | Found Ynypau's Antique Weapon Boutique.
  3884 | D:5      | Noticed a troll
  3892 | D:5      | Killed a troll
  4029 | D:5      | Reached skill level 4 in Armour
  4029 | D:5      | Reached XP level 8. HP: 17/68 MP: 7/7
  4293 | D:5      | Found Wezas's Weapon Shop.
  4298 | D:5      | Reached skill level 5 in Armour
  4516 | D:5      | Found Utsaq's Jewellery Emporium.
  4579 | D:5      | Reached skill level 6 in Armour
  4716 | D:6      | Found an ornate altar of the Wu Jian Council.
  4716 | D:6      | Found Omeodd's Weapon Shoppe.
  4724 | D:6      | Noticed a boulder beetle
  4906 | D:6      | Reached skill level 7 in Armour
  5051 | D:6      | Reached skill level 8 in Armour
  5209 | D:6      | Reached skill level 9 in Armour
  5245 | D:6      | Found a blossoming altar of Fedhas.
  5258 | D:6      | Reached XP level 9. HP: 43/74 MP: 8/8
  5265 | D:6      | Found Mecaxaf's Antique Armour Emporium.
  5386 | D:6      | Noticed Blork the orc
  5394 | D:6      | Killed Blork the orc
  5395 | D:6      | Reached skill level 10 in Armour
  5407 | D:6      | Found a transporter.
  5410 | D:6      | Found a transporter.
  5444 | D:6      | Found Zytsotet's Weapon Boutique.
  5824 | D:6      | Reached skill level 11 in Armour
  6017 | D:6      | Killed a boulder beetle
  6018 | D:6      | Reached skill level 12 in Armour
  6021 | D:6      | HP: 3/106 [wight/+0 dire flail (3)]
  6022 | D:6      | Mangled by an acid dragon

Illustrated notes

Levels and vault maps discovered:
D:1:      saegor_arrival_fortress, layout_basic, amcnicky_mini_corridor_feature
D:2:      layout_loops_corners
D:3:      layout_loops_corners, kennysheep_generic_room_9
D:4:      layout_gridville, grunt_temple_overflow_open,
          nicolae_sif_muna_little_library, temple_doors_ab
D:5:      layout_gridville, serial_shops, nicolae_shop_back_alley_shop, shop,
          nicolae_shop_scrapyard, nicolae_shop_tiny_waterfront,
          nicolae_shop_tiny_waterfront
D:6:      minmay_chambers_of_threes, layout_rooms,
          gammafunk_temple_overflow_arena, fedhas_altar_2, serial_shops,
          nicolae_shop_trees, nicolae_shop_window_shopping,
          nicolae_shop_advertising_works [nicolae_subvault_shop_adworks],
          uniq_blork_the_orc

Skill      XL: |  1  2  3  4  5  6  7  8  9 |
---------------+----------------------------+-----
Dodging        | 1 3 4 |  4.0
Shields        | 4 5 |  5.0
Fighting       | 4 5 |  5.0
Throwing       | 2 4 6 |  6.0
Evocations     | 3 |  3.0
Armour         | 4 9 12 | 12.7
Axes           | |  2.4

Action                     |  1- 3 |  4- 6 |  7- 9 || total
---------------------------+-------+-------+-------++-------
  Melee: War axe           |    61 |   160 |   177 ||   398
         Headbutt          |     8 |    27 |    37 ||    72
    Use: Scroll            |     1 |     4 |     8 ||    13
         Potion            |       |       |     6 ||     6
 Armour: Scale mail        |    44 |    75 |       ||   119
         Chain mail        |       |    54 |   228 ||   282
         Skin              |       |       |    30 ||    30
  Dodge: Dodged            |    24 |    90 |   157 ||   271
  Block: Buckler           |    18 |    41 |    62 ||   121
